 Dungeon Crawl Stone Soup version 0.31-a0-128-g25add195a6 (webtiles) character file.

Game seed: 9908186604819771111

5561 Darkkill the Fighter (level 10, -7/93 HPs)
             Began as a Minotaur Hunter on June 1, 2023.
             Was an Initiate of Gozag.
             Mangled by a two-headed ogre
             ... wielding a +0 giant club
              (16 damage)
             ... on level 9 of the Dungeon.
             The game lasted 00:11:15 (7229 turns).

Darkkill the Fighter (Minotaur Hunter)              Turns: 7229, Time: 00:11:16

Health: -7/93      AC:  5    Str: 17    XL:     10   Next: 44%
Magic:  0/9        EV: 16    Int:  6    God:    Gozag
Gold:   37         SH:  0    Dex: 17    Spells: 9/9 levels left

rFire   . . .        a - +6 shortbow
rCold   . . .        (shield currently unavailable)
rNeg    . . .        c - +0 leather armour
rPois   .            (helmet restricted)
rElec   .            e - +0 cloak
rCorr   .            (no gloves)
SInv    .            v - +0 pair of boots
Will    .....        f - amulet of guardian spirit
Stlth   +++          l - +4 ring of slaying
HPRegen 0.35/turn    (no ring)
MPRegen 0.11/turn

%: guardian spirit
@: lethally poisoned (-7 -> -16), gold aura
A: horns 2, retaliatory headbutt
a: Renounce Religion, Potion Petition, Call Merchant, Bribe Branch


You were on level 9 of the Dungeon.
You worshipped Gozag.
Gozag was noncommittal.
You visited 2 branches of the dungeon, and saw 10 of its levels.

You collected 1160 gold pieces.
You spent 421 gold pieces at shops.
You paid 702 gold pieces to Gozag.

Inventory:

Hand Weapons
 a - a +6 shortbow (weapon)
Missiles
 d - 79 stones
 h - 24 poisoned darts
 m - 2 throwing nets {=f !f}
 q - 3 boomerangs
Armour
 c - a +0 leather armour (worn)
 e - a +0 cloak (worn)
 v - a +0 pair of boots (worn)
Jewellery
 f - an amulet of guardian spirit (around neck)
 l - a +4 ring of slaying (left hand)
Wands
 s - a wand of charming (14)
 w - a wand of flame (14)
Scrolls
 b - a scroll of butterflies
 r - 4 scrolls of teleportation
 t - 2 scrolls of amnesia
 x - 5 scrolls of magic mapping
 y - a scroll of vulnerability
 z - a scroll of fear
Potions
 g - 8 potions of curing {@q1}
 i - a potion of resistance
 j - a potion of lignification
 k - 3 potions of enlightenment {unknown}
 o - a potion of mutation {unknown}
 p - 4 potions of ambrosia
 u - 2 potions of heal wounds


   Skills:
 + Level 9.8 Fighting
 + Level 9.7 Ranged Weapons
 + Level 8.9 Dodging
 + Level 7.2 Stealth


You had 9 spell levels left.
You didn't know any spells.
Your spell library contained the following spells:

 Spells                   Type           Power      Damage    Failure   Level
 Beastly Appendage        Tmut           0%         N/A       52%         1
 Freeze                   Ice            0%         1d3       52%         1
 Wereblood                Tmut           0%         N/A       67%         2
 Frozen Ramparts          Ice            0%         1d1       88%         3
 Gell's Gravitas          Tloc           0%         N/A       88%         3
 Hailstorm                Conj/Ice       0%         3d3       88%         3
 Spider Form              Tmut/Pois      0%         N/A       88%         3
 Teleport Other           Tloc           0%         N/A       88%         3
 Cause Fear               Hex            0%         N/A       99%         4
 Ice Form                 Ice/Tmut       0%         N/A       99%         4
 Summon Ice Beast         Ice/Summ       0%         N/A       99%         4
 Dispersal                Tloc           0%         N/A       100%        6
 Dragon Form              Tmut           0%         N/A       100%        7
 Dragon's Call            Summ           0%         N/A       100%        9


Dungeon Overview and Level Annotations

Branches:
Dungeon (9/15)             Temple (1/1) D:4             Orc (0/2) D:9
   Lair: D:8-11

Altars:
Ashenzari
Cheibriados
Dithmenos
Elyvilon
Fedhas
Gozag
Hepliaklqana
Kikubaaqudgha
Makhleb
Nemelex Xobeh
Okawaru
Qazlal
Ru
Sif Muna
Trog
Uskayaw
Vehumet
Wu Jian
Xom
Yredelemnul
Zin
The Shining One
Ignis

Shops:
D:5 !   D:7 [   D:9 !

Annotations:
D:2 1 runed translucent door, Crazy Yiuf


Innate Abilities, Weirdness & Mutations

You have a pair of horns on your head.
You reflexively headbutt those who attack you in melee.


Message History

There is an escape hatch in the ceiling here.
A hornet comes into view.
You shoot an arrow. The arrow hits the hornet!
The hornet buzzes angrily.
The hornet is heavily wounded.
A hornet is nearby!
You shoot an arrow. The arrow hits the hornet!
The hornet is severely wounded.
A hornet is nearby!
You shoot an arrow. The arrow closely misses the hornet.
You shoot an arrow. The arrow hits the hornet!
You kill the hornet!
Your Stealth skill increases to level 7!
You now have 29 gold pieces (gained 7).
Found a stone staircase leading down.
No target in view!
Found a granite statue.
No target in view!
You open the door.
A necromancer comes into view. It is wielding a +4 dagger.
Found 4 poisoned darts, a potion of ambrosia and 6 stones.
You shoot an arrow. The arrow hits the necromancer.
The necromancer shouts!
The necromancer is lightly wounded.
The necromancer points at you and mumbles some strange words.
The bolt of negative energy hits you!!
You feel drained.
A necromancer is nearby!
A necromancer is nearby!
You shoot an arrow.
The arrow barely misses the necromancer.
You shoot an arrow. The arrow hits the necromancer.
The necromancer is moderately wounded.
The necromancer mumbles some strange words.
The necromancer binds the souls of nearby monsters.
A necromancer is nearby!
You shoot an arrow. The arrow hits the necromancer!
The necromancer is severely wounded.
You shoot an arrow.
The arrow barely misses the necromancer.
You shoot an arrow. The arrow hits the necromancer!
The necromancer is almost dead.
The necromancer hits you with a +4 dagger.
You are too injured to fight recklessly!
You are too injured to fight recklessly!
You shoot an arrow. The arrow hits the necromancer!
You kill the necromancer!
Your life force feels restored.
You now have 37 gold pieces (gained 8).
There is an open door here.
Things that are here:
a +4 dagger; a +0 robe
h - 24 poisoned darts (gained 4)
p - 4 potions of ambrosia (gained 1)
d - 79 stones (gained 6)
Okay, then.
You drop 2 scrolls of silence.
There is an open door here.
Things that are here:
a +4 dagger; a +0 robe You open the door.
A two-headed ogre and 3 killer bees come into view.
The killer bee buzzes angrily. x3; The two-headed ogre shouts in stereo!
You shoot an arrow. The arrow barely misses the killer bee.
The killer bee misses you. The killer bee closely misses you.
The killer bee completely misses you. The killer bee stings you!
You are poisoned.
The killer bee poisons you! The killer bee stings you.
You are more poisoned.
The killer bee poisons you!
You shoot an arrow. The arrow hits the killer bee.
The killer bee is heavily wounded.
You feel very sick.
The killer bee stings you but does no damage.
The killer bee misses you.
The killer bee stings you but does no damage.
The killer bee stings you. The killer bee closely misses you. x2
You shoot an arrow. The arrow hits the killer bee!
You kill the killer bee!
You feel sick. The killer bee stings you. The killer bee barely misses you.
You furiously retaliate!
You headbutt the killer bee!
There are monsters nearby!
You shoot an arrow. The arrow hits the killer bee!
You kill the killer bee!
You feel sick. The killer bee misses you. The killer bee barely misses you.
There are monsters nearby!
You shoot an arrow. The arrow hits the two-headed ogre.
The two-headed ogre is lightly wounded.
You feel sick. The killer bee stings you.
You are more poisoned.
The killer bee poisons you!
The two-headed ogre hits you with a +0 giant club!!
The two-headed ogre closely misses you. The killer bee completely misses you.
You shoot an arrow. The arrow hits the two-headed ogre!
The two-headed ogre is moderately wounded.
You feel sick. The killer bee stings you. x2
The two-headed ogre hits you with a +0 giant club!!
* * * LOW HITPOINT WARNING * * *
The two-headed ogre hits you with a +0 giant club!!
You die...
Your body crumbles into a pile of gold.

#............#
.#.#.#.######.#
#..............#
$
#########.....##
##...##.....#
#?....#.....#
#.....)..8..+
#.....#.....#
##...##.$@y.#
########O### ...
..... #.....#
#.....# ##...##
#####


You could see a two-headed ogre and a killer bee.

Vanquished Creatures
  A necromancer (D:9)
  Maurice (D:8)
  Maggie (D:8)
  A troll (D:9)
  A hornet (D:9)
  6 yaks
  Menkaure (D:6)
  A warg (D:9)
  A water moccasin (D:7)
  A sky beast (D:3)
  A black bear (D:8)
  An ice beast (D:8)
  3 orc warriors (D:9)
  2 ogres
  2 centaurs
  2 phantoms
  4 bullfrogs
  A scorpion (D:5)
  4 wights (D:8)
  6 killer bees
  6 jellies
  2 howler monkeys
  A gnoll bouda (D:7)
  3 hounds
  3 orc priests
  3 sleepcaps
  2 orc wizards
  3 iguanas
  Natasha (thrice) (D:2)
  13 gnolls
  7 adders
  A shadow imp (D:5)
  3 ufetubi
  2 worms
  3 dart slugs
  34 orcs
  4 bats
  11 endoplasms
  6 giant cockroaches
  7 goblins
  10 hobgoblins
  2 jackals (D:1)
  4 kobolds
  8 quokkas
  6 ball pythons
  7 frilled lizards
  10 rats
205 creatures vanquished.

Notes
Turn   | Place    | Note
-------+----------+-------------------------------------------
     0 | D:1      | Darkkill the Minotaur Hunter began the quest for the Orb.
     0 | D:1      | Reached XP level 1. HP: 18/18 MP: 0/0
    59 | D:1      | Reached skill level 1 in Stealth
   114 | D:1      | Reached XP level 2. HP: 22/25 MP: 1/1
   455 | D:1      | Reached XP level 3. HP: 31/31 MP: 2/2
   966 | D:2      | Reached XP level 4. HP: 38/38 MP: 3/3
  1028 | D:2      | Noticed Natasha
  1035 | D:2      | Killed Natasha
  1036 | D:2      | Reached skill level 5 in Ranged Weapons
  1198 | D:2      | Noticed Natasha
  1204 | D:2      | Killed Natasha
  1205 | D:2      | Reached XP level 5. HP: 46/46 MP: 4/4
  1246 | D:2      | Noticed Natasha
  1249 | D:2      | Killed Natasha
  1258 | D:2      | Found a runed translucent door.
  1259 | D:2      | Noticed Crazy Yiuf
  1310 | D:2      | Found a faded altar of an unknown god.
  1416 | D:3      | Found a stormy altar of Qazlal.
  1416 | D:3      | Noticed a sky beast
  1427 | D:3      | Killed a sky beast
  1428 | D:3      | Reached XP level 6. HP: 13/53 MP: 0/5
  2360 | D:4      | Reached skill level 5 in Fighting
  2538 | D:4      | Found a staircase to the Ecumenical Temple.
  2566 | D:4      | Reached XP level 7. HP: 61/61 MP: 6/6
  2583 | Temple   | Entered the Ecumenical Temple
  2633 | Temple   | Became a worshipper of Gozag Ym Sagoz the Greedy
  2851 | D:4      | Found a bloodstained altar of Trog.
  3176 | D:5      | Entered Level 5 of the Dungeon
  3262 | D:5      | Found Heulipn's Distillery.
  3278 | D:5      | Bought a potion of heal wounds for 75 gold pieces
  3278 | D:5      | Bought 2 potions of curing for 90 gold pieces
  3301 | D:5      | Reached skill level 5 in Dodging
  3312 | D:5      | HP: 7/62 [killer bee (6)]
  3433 | D:5      | Reached XP level 8. HP: 70/70 MP: 7/7
  3651 | D:5      | Found an iron altar of Okawaru.
  3655 | D:5      | Found a glowing golden altar of the Shining One.
  3655 | D:5      | Found a blossoming altar of Fedhas.
  3666 | D:5      | Found a hide-covered altar of Uskayaw.
  3669 | D:5      | Found a radiant altar of Vehumet.
  4010 | D:6      | Noticed Menkaure
  4013 | D:6      | Killed Menkaure
  4021 | D:6      | Reached skill level 5 in Stealth
  4293 | D:6      | Found a burning altar of Makhleb.
  4349 | D:6      | Found a snail-covered altar of Cheibriados.
  4349 | D:6      | Found a sacrificial altar of Ru.
  4902 | D:7      | Reached XP level 9. HP: 79/79 MP: 8/8
  5106 | D:7      | Found Kowag's Armour Shoppe.
  5106 | D:7      | Noticed an animated plate armour
  5108 | D:7      | Noticed an animated plate armour
  5394 | D:8      | Noticed Maggie
  5405 | D:8      | Killed Maggie
  5835 | D:8      | Noticed Maurice
  5847 | D:8      | Killed Maurice
  6409 | D:8      | HP: 8/82 [yak (10)]
  6561 | D:8      | Reached XP level 10. HP: 83/91 MP: 9/9
  6591 | D:9      | Bought a potion of heal wounds for 80 gold pieces
  6591 | D:9      | Bought 2 potions of curing for 96 gold pieces
  6753 | D:9      | Found a staircase to the Orcish Mines.
  6827 | D:9      | Bought a potion of heal wounds for 80 gold pieces
  7118 | D:9      | Noticed a necromancer
  7125 | D:9      | Killed a necromancer
  7223 | D:9      | Noticed a two-headed ogre
  7229 | D:9      | HP: 9/93 [two-headed ogre/+0 giant club (26)]
  7229 | D:9      | Mangled by a two-headed ogre

Illustrated notes

Levels and vault maps discovered:
D:1:      heliophobic_arrival_battle_scene, layout_basic, nicolae_wormholes
D:2:      layout_rooms, shapermc_ecumenical_altar_notcrosses, uniq_natasha,
          uniq_crazy_yiuf_cottage
D:3:      layout_rooms, nicolae_qazlal_beasts_of_the_sky, grunt_ministairs_7,
          nrook_mini_backslash, guppyfry_early_orc_mine
D:4:      layout_gridville, trog_butcher_becter,
          minmay_temple_entry_butterflies, minmay_diced_spiral
D:5:      nicolae_cairo_tiling_large_dashed, layout_cave_pools,
          minmay_overflow_temple_star_hex, serial_shops, shop
D:6:      layout_basic, lemuel_round_altar, gammafunk_temple_overflow_statue,
          uniq_menkaure
D:7:      layout_loops_ring, serial_shops, nicolae_shop_mannequins
D:8:      layout_layer_cave, uniq_maggie, uniq_maurice
D:9:      layout_loops_ring, david_orc_1_choice, minmay_three_doors
Temple:   ebering_untended_altars

Skill      XL: |  1  2  3  4  5  6  7  8  9 10 |
---------------+-------------------------------+-----
Stealth        | 1 2 3 4 5 6 7 |  7.2
Fighting       | 3 4 5 6 7 9 |  9.8
Dodging        | 3 4 5 6 8 |  8.9
Ranged Weapons | 5 6 7 9 |  9.7

Action                     |  1- 3 |  4- 6 |  7- 9 | 10-12 || total
---------------------------+-------+-------+-------+-------++-------
   Fire: Shortbow          |   109 |   134 |   260 |    63 ||   566
 Invoke: Call Merchant     |       |       |       |     1 ||     1
  Evoke: Wand              |       |       |     1 |       ||     1
    Use: Scroll            |     3 |     7 |     8 |     1 ||    19
         Potion            |       |       |     5 |       ||     5
 Armour: Leather armour    |    10 |     6 |     7 |     4 ||    27
  Dodge: Dodged            |    34 |    15 |    74 |    30 ||   153

Table legend: (Time is in decaauts)
 A = Elapsed time spent in this place.
 B = Non-inter-level travel time spent in this place.
 C = Inter-level travel time spent in this place.
 D = Time resting spent in this place.
 E = Time spent auto-exploring this place.
 F = Levels seen in this place.
 G = Mean time per level.
                   A        B        C        D        E       F      G
               +--------+--------+--------+--------+--------+-----+--------+
         Total |   7287 |   7025 |    262 |    113 |   5836 |  10 |  728.7 |
       Dungeon |   7203 |   6951 |    252 |    113 |   5822 |   9 |  800.3 |
        Temple |     83 |     73 |     10 |      0 |     14 |   1 |   83.0 |
               +--------+--------+--------+--------+--------+-----+--------+

Top non-repeatable levels by time:
     D:8: 1171 daAuts
     D:4: 1063 daAuts
     D:6: 894 daAuts
     D:1: 877 daAuts
     D:5: 709 daAuts
     D:9: 663 daAuts
     D:3: 648 daAuts
     D:7: 625 daAuts
     D:2: 549 daAuts
  Temple: 83 daAuts

Levels and vault maps discovered:
D:1:      heliophobic_arrival_battle_scene, layout_basic, nicolae_wormholes
D:2:      layout_rooms, shapermc_ecumenical_altar_notcrosses, uniq_natasha,
          uniq_crazy_yiuf_cottage
D:3:      layout_rooms, nicolae_qazlal_beasts_of_the_sky, grunt_ministairs_7,
          nrook_mini_backslash, guppyfry_early_orc_mine
D:4:      layout_gridville, trog_butcher_becter,
          minmay_temple_entry_butterflies, minmay_diced_spiral
D:5:      nicolae_cairo_tiling_large_dashed, layout_cave_pools,
          minmay_overflow_temple_star_hex, serial_shops, shop
D:6:      layout_basic, lemuel_round_altar, gammafunk_temple_overflow_statue,
          uniq_menkaure
D:7:      layout_loops_ring, serial_shops, nicolae_shop_mannequins
D:8:      layout_layer_cave, uniq_maggie, uniq_maurice
D:9:      layout_loops_ring, david_orc_1_choice, minmay_three_doors
Temple:   ebering_untended_altars

Table legend: (Time is in decaauts)
 A = Elapsed time spent in this place.
 B = Non-inter-level travel time spent in this place.
 C = Inter-level travel time spent in this place.
 D = Time resting spent in this place.
 E = Time spent auto-exploring this place.
 F = Levels seen in this place.
 G = Mean time per level.
                   A        B        C        D        E       F      G
               +--------+--------+--------+--------+--------+-----+--------+
         Total |   7287 |   7025 |    262 |    113 |   5836 |  10 |  728.7 |
       Dungeon |   7203 |   6951 |    252 |    113 |   5822 |   9 |  800.3 |
        Temple |     83 |     73 |     10 |      0 |     14 |   1 |   83.0 |
               +--------+--------+--------+--------+--------+-----+--------+

Top non-repeatable levels by time:
     D:8: 1171 daAuts
     D:4: 1063 daAuts
     D:6: 894 daAuts
     D:1: 877 daAuts
     D:5: 709 daAuts
     D:9: 663 daAuts
     D:3: 648 daAuts
     D:7: 625 daAuts
     D:2: 549 daAuts
  Temple: 83 daAuts

Table legend:
 A = Kills in this place as a percentage of kills in the entire game.
 B = Kills by you in this place as a percentage of kills by you in the entire game.
 C = Kills by friends in this place as a percentage of kills by friends in the entire game.
 D = Other kills in this place as a percentage of other kills in the entire game.
 E = Experience gained in this place as a percentage of experience gained in the entire game.
 F = Experience gained in this place divided by the number of levels of this place that you have seen.
                   A       B       C       D       E      F
               +-------+-------+-------+-------+-------+----------------------
         Total | 100.0 | 100.0 |   N/A |   N/A | 100.0 | 794.5
       Dungeon | 100.0 | 100.0 |   N/A |   N/A | 100.0 | 882.8
               +-------+-------+-------+-------+-------+----------------------
